 Dungeon Crawl Stone Soup version 0.29-a0-857-g9b1aa3ac5b (webtiles) character file.

Game seed: 5099676261801440227

395 jt the Trooper (level 6, -1/51 HPs)
             Began as a Palentonga Hedge Wizard on July 16, 2022.
             Was an Elder of Lugonu.
             Killed by divine providence
             ... invoked by an orc priest
              (13 damage)
             ... on level 4 of the Dungeon.
             The game lasted 00:09:21 (4677 turns).

jt the Trooper (Palentonga Hedge Wizard)            Turns: 4677, Time: 00:09:21

Health: -1/51      AC:  5    Str: 16    XL:     6   Next: 52%
Magic:  10/10      EV:  9    Int: 14    God:    Lugonu [****..]
Gold:   222        SH:  0    Dex:  9    Spells: 7/11 levels left

rFire   . . .      SeeInvis +   a - +1 hand axe (flame)
rCold   . . .      Faith    .   (no shield)
rNeg    . . .      Spirit   .   b - +0 robe
rPois   .          Reflect  .   c - +0 hat
rElec   .          Harm     .   (no cloak)
rCorr   .          Rampage  .   p - +0 pair of gloves
Will    .....                   (no barding)
Stlth   +.........              (no amulet)
HPRegen 0.17/turn               (no ring)
MPRegen 0.12/turn               (no ring)

@: studying Long Blades
A: large, rugged brown scales 3, see invisible, deformed body, roll 1, armoured
tail
a: Rolling Charge, Renounce Religion, Depart the Abyss, Bend Space, Banish,
Corrupt


You were on level 4 of the Dungeon.
You worshipped Lugonu.
Lugonu was greatly pleased with you.
You visited 1 branch of the dungeon, and saw 4 of its levels.

You collected 300 gold pieces.
You spent 78 gold pieces at shops.

Inventory:

Hand Weapons
 a - a +1 hand axe of flaming (weapon)
 h - a +0 whip
 j - a +0 dagger
 o - a +0 sling
Missiles
 i - 49 stones
 u - 6 javelins
 A - 3 poisoned darts
Armour
 b - a +0 robe (worn)
 c - a +0 hat (worn)
 g - a +0 chain mail
 p - a +0 pair of gloves (worn)
 w - an orb of energy
 y - a +0 plate armour
Magical Staves
 m - a staff of conjuration
Jewellery
 n - a +6 ring of strength
Wands
 r - a wand of charming (10)
Scrolls
 e - a scroll of immolation
 f - a scroll of silence
 k - a scroll of blinking
 l - 2 scrolls of identify
 t - 2 scrolls of teleportation
 B - a scroll of summoning {unknown}
 C - a scroll of vulnerability {unknown}
 D - a scroll of noise {unknown}
Potions
 d - 2 potions of magic
 q - a potion of ambrosia
 v - a potion of mutation {unknown}
 x - a potion of flight {unknown}
 z - 2 potions of invisibility {unknown}


   Skills:
 + Level 4.3 Fighting
 + Level 3.9 Axes
 - Level 1.5 Dodging
 - Level 1.2 Stealth
 - Level 3.0 Spellcasting
 - Level 0.8 Conjurations
 - Level 0.7 Summonings
 - Level 1.0 Translocations
 + Level 2.8 Invocations


You had 7 spell levels left.
You knew the following spells:

 Your Spells              Type           Power      Damage    Failure   Level
a - Magic Dart            Conj           16%        1d3       16%         1
b - Slow                  Hex            8%         N/A       22%         1
c - Blink                 Tloc           8%         N/A       22%         2

Your spell library contained the following spells:

 Spells                   Type           Power      Damage    Failure   Level
 Call Imp                 Summ           4%         N/A       24%         2
 Conjure Flame            Conj/Fire      3%         6-21      47%         3
 Mephitic Cloud           Conj/Pois/Air  2%         N/A       50%         3
 Summon Lightning Spire   Summ/Air       3%         N/A       88%         4
 Storm Form               Tmut/Air       1%         N/A       100%        7
 Maxwell's Capacitive Co  Air            1%         ∞         100%        8


Dungeon Overview and Level Annotations

Branches:
Dungeon (4/15)
 Temple: D:4-7

Altars:
Uskayaw
Zin
Lugonu

Shops:
D:1 *[!*


Innate Abilities, Weirdness & Mutations

You are completely covered in rugged brown scales. (AC +3, +7% HP)
You have supernaturally acute eyesight. (SInv)
Armour fits poorly on your strangely shaped body.
You can roll at nearby foes to attack.
You have a long armoured tail.


Message History

You barely resist.
The orc wizard points at you and mumbles some strange words.
You are confused.
You are too confused!
The orc priest closely misses you.
The orc wizard gestures at you while chanting.
The magic dart hits you.
You feel better. The orc priest barely misses you.
Roll where?
Press: ? - help, Dir - move target, f/p - orc priest
Aim: an orc priest, wielding a +0 trident and wearing a +0 ring mail (heavily wounded)
You roll forward with a clatter of scales!
You closely miss the orc priest.
The orc priest is heavily wounded.
The orc priest invokes the aid of Beogh against you.
Pain shoots through your body!
You hit the orc priest. You burn the orc priest.
The orc priest is severely wounded.
You hit the orc wizard. You burn the orc wizard.
The orc priest barely misses you. The orc wizard casts a spell at you.
You resist with some effort.
You hit the orc priest but do no damage.
The orc priest is severely wounded.
You hit the orc wizard. You burn the orc wizard.
The orc priest hits you with a +0 trident!
The orc wizard hits you with a +0 dagger.
The orc priest hits you with a +0 trident.
The orc wizard hits you with a +0 dagger.
* * * LOW HITPOINT WARNING * * *
You feel better.
The orc priest hits you with a +0 trident!
* * * LOW HITPOINT WARNING * * *
The orc wizard hits you with a +0 dagger.
* * * LOW HITPOINT WARNING * * *
Unknown command.
You feel better.
The orc priest calls down the wrath of Beogh upon you.
Beogh smites you!
You die...

#.#.###..# #..## ##.# #.#
#..# #.# #.# #..## ##.#
####.### #.#.###.##
#......# #..<....#
#.##.#o# ####.####
#.##.#.# ##.# #.##o#.#
##..# #.##@#.###
###...#######....o...###.
.......................'.
###...########.#.....###.
##..# #.#...#.# ##.#
#.###.#.# #.# #.# .# # #
#.# #.# .# # #.# #.. ..


You could see an orc priest and an orc wizard (invisible).

Vanquished Creatures
  4 hounds (D:4)
  A gnoll (D:2)
  6 adders
  2 ufetubi (D:4)
  3 worms
  6 dart slugs
  15 orcs
  5 endoplasms
  3 giant cockroaches
  4 goblins
  6 hobgoblins
  10 kobolds
  3 quokkas
  7 ball pythons
  9 bats
  4 frilled lizards
  3 rats
91 creatures vanquished.

Notes
Turn   | Place    | Note
-------+----------+-------------------------------------------
     0 | D:1      | jt the Palentonga Hedge Wizard began the quest for the Orb.
     0 | D:1      | Reached XP level 1. HP: 13/13 MP: 4/4
    33 | D:1      | Found Otullu's Assorted Antiques.
   419 | D:1      | Reached skill level 1 in Fighting
   477 | D:1      | Reached XP level 2. HP: 22/22 MP: 6/6
   512 | D:1      | Found Birphyufege's Distillery.
   544 | D:1      | Found Lirojy's Assorted Antiques.
   621 | D:1      | Reached skill level 1 in Axes
   719 | D:1      | Found a faded altar of an unknown god.
   723 | D:1      | Prayed at the altar of an unknown god.
   723 | D:1      | Became a worshipper of Lugonu the Unformed
   723 | D:1      | Reached * piety under Lugonu
   723 | D:1      | Reached ** piety under Lugonu
   762 | D:1      | Reached skill level 2 in Fighting
   902 | D:1      | Found Zekeir's Armour Emporium.
   974 | D:1      | Reached XP level 3. HP: 28/28 MP: 7/7
  1211 | D:1      | Learned a level 1 spell: Slow
  1214 | D:1      | Learned a level 2 spell: Blink
  1799 | D:2      | Reached XP level 4. HP: 7/36 MP: 5/8
  1988 | D:1      | Bought a potion of curing for 39 gold pieces
  1988 | D:1      | Bought a potion of curing for 39 gold pieces
  2377 | D:2      | Reached skill level 3 in Fighting
  2682 | D:3      | Found a hide-covered altar of Uskayaw.
  2704 | D:3      | Reached *** piety under Lugonu
  3184 | D:3      | Reached XP level 5. HP: 26/43 MP: 9/9
  3743 | D:4      | Reached skill level 1 in Invocations
  4273 | D:4      | Found a glowing silver altar of Zin.
  4300 | D:4      | Noticed an ogre
  4307 | D:4      | Banished an ogre
  4308 | D:4      | Reached XP level 6. HP: 51/51 MP: 5/10
  4331 | D:4      | Reached skill level 4 in Fighting
  4665 | D:4      | Reached **** piety under Lugonu
  4677 | D:4      | Killed from afar by an orc priest

Illustrated notes

Levels and vault maps discovered:
D:1:      erik_arrival_blinker_ship, layout_basic, serial_shops, shop,
          nicolae_shop_temple_entry_statues_fountains, nicolae_shop_statue_plus,
          nicolae_shop_crystal, shapermc_ecumenical_altar_mp_highgroup
D:2:      minmay_angry_zag, layout_basic, hangedman_feature_mirror,
          minmay_cut_off
D:3:      minmay_inner_zag, layout_loops_ring, nicolae_uskayaw_dance_hall
D:4:      layout_loops_corners, zin_treasury, nicolae_figureground_pulse

Skill      XL: |  1  2  3  4  5  6 |
---------------+-------------------+-----
Fighting       | 1 2 3 4 |  4.3
Axes           | 1 2 3 |  3.9
Invocations    | 2 |  2.8
Dodging        | |  1.5
Stealth        | |  1.2
Spellcasting   | |  3.0
Conjurations   | |  0.8
Summonings     | |  0.7
Translocations | |  1.0

Action                   |  1- 3 |  4- 6 || total
-------------------------+-------+-------++-------
Melee: Dagger            |    17 |       ||    17
       Tailslap          |    19 |    16 ||    35
       Whip              |     6 |       ||     6
       Hand axe          |   100 |   142 ||   242
       Punch             |     1 |       ||     1
 Cast: Magic Dart        |     5 |    15 ||    20
Invok: Banish            |       |     1 ||     1
 Abil: Rolling Charge    |    31 |    28 ||    59
  Use: Scroll            |       |     6 ||     6
       Potion            |       |     3 ||     3
 Stab: Sleeping          |       |     1 ||     1
Armor: Robe              |    39 |    48 ||    87
Dodge: Dodged            |    48 |    79 ||   127

Table legend: (Time is in decaauts)
 A = Elapsed time spent in this place.
 B = Non-inter-level travel time spent in this place.
 C = Inter-level travel time spent in this place.
 D = Time resting spent in this place.
 E = Time spent auto-exploring this place.
 F = Levels seen in this place.
 G = Mean time per level.
                   A        B        C        D        E       F      G
               +--------+--------+--------+--------+--------+-----+--------+
         Total |   4722 |   4536 |    186 |   1166 |   2390 |   4 | 1180.5 |
       Dungeon |   4722 |   4536 |    186 |   1166 |   2390 |   4 | 1180.5 |
               +--------+--------+--------+--------+--------+-----+--------+

Top non-repeatable levels by time:
     D:1: 1528 daAuts
     D:3: 1112 daAuts
     D:2: 1107 daAuts
     D:4: 973 daAuts
